Senators vs Devils

Created - November 6, 2023 at 22:08

Goals
1 2 3 T
Senators 0 1 1 2
Devils 5 3 1 9
Shots
1 2 3 T
Senators 14 8 7 29
Devils 17 14 19 50

GoalsPenalties
1st period
1. Devils , Evgeni Malkin 6 (Matt Boldy 5, Nino Niederreiter 5) at 1:22
2. Devils , Matt Boldy 5 (Evgeni Malkin 7, Erik Gustafsson 7) at 3:14
3. Devils , Kyle Okposo 2 (Justin Schultz 3, Dylan Cozens 3) at 10:55 (SH)
4. Devils , Travis Konecny 6 (Sam Reinhart 10, Mikhail Sergachev 6) at 17:48
5. Devils , Matt Boldy 6 (Erik Gustafsson 8, Evgeni Malkin 8) at 18:17
Mikhail Sergachev (NJD) for Interference (Minor) at 10:40
K'Andre Miller (OTT) for High sticking (Minor) at 19:56
2nd period
6. Devils , Dougie Hamilton 3 (Mikhail Sergachev 7, Chris Kreider 8) at 0:42 (PP)
7. Senators , Scott Laughton 6 (Anthony Cirelli 7, Noah Hanifin 8) at 14:57
8. Devils , Matt Boldy 7 (Justin Schultz 4, Evgeni Malkin 9) at 17:35
9. Devils , Dougie Hamilton 4 (Evgeni Malkin 10) at 19:06 (PP)
Dylan Cozens (NJD) for Fighting (Major) at 19:02
K'Andre Miller (OTT) for Fighting (Major) at 19:02
K'Andre Miller (OTT) for instigated a fight (Game Misconduct) at 19:02
3rd period
10. Senators , Andrew Copp 6 (Anthony Cirelli 8, Scott Laughton 5) at 0:37
11. Devils , Sam Reinhart 5 (Chris Kreider 9) at 10:14
Mikhail Sergachev (NJD) for Roughing (Minor) at 6:56
Luke Glendening (OTT) for Hooking (Minor) at 6:56
Goalie Stats
Sam Montembeault (OTT), 14 saves from 18 shots - (0.778), 21:18 minutes
Semyon Varlamov (OTT), 27 saves from 32 shots - (0.844), L, 4-3-0, 38:42 minutes
Andrei Vasilevskiy (NJD), 27 saves from 29 shots - (0.931), W, 8-3-0, 60:00 minutes
3 StarsOfficial
1 - Matt Boldy (NJD)
2 - Evgeni Malkin (NJD)
3 - Dougie Hamilton (NJD)
Referees : Francois St-Laurent and Jon McIsaac
Linesman : Dennis Urban and James Tobias
Game Note
Sam Montembeault enters game at 17:48 of 1st period
Joel Eriksson Ek is injured at 15:18 of 2nd period (Sprained Left Knee)
Matt Boldy has scored a Hat Trick!
K'Andre Miller beats up Dylan Cozens at 19:02 of 2nd period
K'Andre Miller (OTT) for instigated a fight (Game Misconduct) at 19:02
K'Andre Miller ejected from game at 19:02 of 2nd period
Semyon Varlamov enters game at 19:06 of 2nd period
Finance
Level 1 -- Attendance: 5984 (99.73%) -- Ticket Income $670,208
Level 2 -- Attendance: 5000 (100.00%) -- Ticket Income $405,000
Level 3 -- Attendance: 2000 (100.00%) -- Ticket Income $160,000
Level 4 -- Attendance: 2989 (82.46%) -- Ticket Income $44,835
Luxury Box -- Attendance: 942 (94.20%) -- Ticket Income $183,690
Game was played at the Prudential Center.
Total Attendance: 16915 (95.97%)
Total Ticket Income: $1,463,733
Other Income: $365,933
Total Income: $1,829,666



Team Name Goals Shots Shots Attemp Shots Blocked PIM HIT PP PK FO%
Senators 229621021200 / 1 (0%)245%
Devils 95089109232 / 2 (100%)055%

Senators
Player Name POS G A P +/- PIM HIT SHT SB MP PP MP PP SHT PK MP PK SHT FO% FOT
Andrew CoppC101-1013023:361:1300:00045% 40
Anthony CirelliC022-1003019:301:1300:500100% 1
Brock McGinnLW000-200009:170:0000:0000% 1
Chris TanevD000-2000421:560:0000:0500% 0
Christian DvorakC000-2001115:150:0000:00030% 20
Connor CliftonD000-2020013:360:0000:0000% 0
Danton HeinenLW000-2001014:310:0000:0000% 1
Eric StaalC000-2014014:310:0000:0000% 0
Jake WalmanD000-3000018:250:0000:0500% 0
Joel Eriksson EkC0000003010:210:4600:00054% 13
K'Andre MillerD000-21941113:210:4610:0000% 0
Luke GlendeningC000-2220010:060:0000:50056% 18
Matty BeniersC0000044015:060:4600:000100% 1
Nikita KucherovRW0000001016:420:4600:0000% 2
Noah HanifinD011-1010425:051:1300:4500% 0
Pius SuterC000-3001010:301:1300:000100% 1
Rasmus AnderssonD0001021026:220:4600:4500% 0
Scott LaughtonC112-1036018:581:1320:00050% 4
Devils
Player Name POS G A P +/- PIM HIT SHT SB MP PP MP PP SHT PK MP PK SHT FO% FOT
Chris KreiderLW0222031019:480:4300:00025% 4
Damon SeversonD0001030219:470:0000:5000% 0
Dominik KubalikLW000000014:330:0000:0000% 0
Dougie HamiltonD2023014222:540:5021:0900% 0
Dylan CozensC0111515115:550:0001:09052% 21
Erik GustafssonD0221021319:470:0000:5000% 0
Evgeni MalkinC1452015018:530:0700:00057% 28
Justin SchultzD0222001019:460:0001:0900% 0
Kyle OkposoRW101100505:420:0001:0910% 1
Mathieu JosephRW0000023017:410:0000:50067% 3
Matt BoldyLW3142007016:260:0700:000100% 1
Mike HoffmanLW0000023016:510:0000:0000% 1
Mikhail SergachevD0222420120:250:5000:0000% 0
Nicklas BackstromC000000205:230:0000:50062% 13
Nino NiederreiterRW0112033016:260:0700:000100% 2
Sam ReinhartC1122014019:480:4310:00056% 27
Travis KonecnyRW1012016018:350:4310:0000% 1
Urho VaakanainenD0001010017:190:0000:0000% 0



Play-by-Play

1st period


0:01 of 1st period - Scott Laughton wins face-off versus Chris Kreider in neutral zone.
0:01 of 1st period - Scott Laughton is hit by Chris Kreider.
0:11 of 1st period - Shot by Joel Eriksson Ek.
0:11 of 1st period - Stopped by Andrei Vasilevskiy with a rebound.
0:13 of 1st period - Shot by Scott Laughton.
0:13 of 1st period - Shot Blocked by Mikhail Sergachev.
0:53 of 1st period - Icing by Mikhail Sergachev.
0:54 of 1st period - Sam Reinhart wins face-off versus Christian Dvorak in Devils zone.
1:18 of 1st period - Shot by Nino Niederreiter.
1:18 of 1st period - Shot Blocked by K'Andre Miller.
1:20 of 1st period - Shot by Matt Boldy.
1:20 of 1st period - Shot Blocked by Christian Dvorak.
1:22 of 1st period - Shot by Evgeni Malkin.
1:22 of 1st period - Goal by Evgeni Malkin - Senators : 0 - Devils : 1.
1:23 of 1st period - Dylan Cozens wins face-off versus Andrew Copp in neutral zone.
1:26 of 1st period - Shot by Mike Hoffman.
1:26 of 1st period - Shot Misses the Net.
1:31 of 1st period - Icing by Connor Clifton.
1:32 of 1st period - Matty Beniers wins face-off versus Dylan Cozens in Senators zone.
2:30 of 1st period - Icing by Erik Gustafsson.
2:31 of 1st period - Luke Glendening wins face-off versus Evgeni Malkin in Devils zone.
2:31 of 1st period - Luke Glendening is hit by Erik Gustafsson.
2:38 of 1st period - Matt Boldy is hit by K'Andre Miller and loses puck.
3:14 of 1st period - Shot by Evgeni Malkin.
3:14 of 1st period - Deflect By Matt Boldy.
3:14 of 1st period - Goal by Matt Boldy - Senators : 0 - Devils : 2.
3:15 of 1st period - Nicklas Backstrom wins face-off versus Christian Dvorak in neutral zone.
3:18 of 1st period - Shot by Dougie Hamilton.
3:18 of 1st period - Stopped by Semyon Varlamov without a rebound.
3:19 of 1st period - Dylan Cozens wins face-off versus Christian Dvorak in Senators zone.
3:58 of 1st period - Shot by Rasmus Andersson.
3:58 of 1st period - Shot Blocked by Dylan Cozens.
4:00 of 1st period - Shot by Rasmus Andersson.
4:00 of 1st period - Stopped by Andrei Vasilevskiy with a rebound.
4:02 of 1st period - Shot by Eric Staal.
4:02 of 1st period - Stopped by Andrei Vasilevskiy without a rebound.
4:03 of 1st period - Sam Reinhart wins face-off versus Joel Eriksson Ek in Devils zone.
4:17 of 1st period - Icing by Chris Tanev.
4:18 of 1st period - Evgeni Malkin wins face-off versus Joel Eriksson Ek in Senators zone.
4:18 of 1st period - Evgeni Malkin is hit by K'Andre Miller.
4:21 of 1st period - Nino Niederreiter is hit by K'Andre Miller and loses puck.
4:32 of 1st period - Shot by Joel Eriksson Ek.
4:32 of 1st period - Stopped by Andrei Vasilevskiy without a rebound.
4:33 of 1st period - Nicklas Backstrom wins face-off versus Nikita Kucherov in Devils zone.
4:45 of 1st period - Off-side.
4:46 of 1st period - Sam Reinhart wins face-off versus Joel Eriksson Ek in neutral zone.
4:50 of 1st period - Chris Kreider is hit by Noah Hanifin and loses puck.
5:03 of 1st period - Shot by Joel Eriksson Ek.
5:03 of 1st period - Stopped by Andrei Vasilevskiy without a rebound.
5:04 of 1st period - Nino Niederreiter wins face-off versus Andrew Copp in Devils zone.
5:04 of 1st period - Nino Niederreiter is hit by Matty Beniers.
5:12 of 1st period - Matty Beniers is hit by Nino Niederreiter and loses puck.
5:18 of 1st period - Icing by Matty Beniers.
5:19 of 1st period - Andrew Copp wins face-off versus Dylan Cozens in Senators zone.
5:19 of 1st period - Andrew Copp is hit by Mike Hoffman.
5:34 of 1st period - Nikita Kucherov is hit by Mike Hoffman and loses puck.
5:39 of 1st period - Mathieu Joseph is hit by Matty Beniers and loses puck.
6:11 of 1st period - Mathieu Joseph is hit by Andrew Copp and loses puck.
6:23 of 1st period - Eric Staal is hit by Erik Gustafsson and loses puck.
6:27 of 1st period - Eric Staal is hit by Damon Severson and loses puck.
7:01 of 1st period - Shot by Christian Dvorak.
7:01 of 1st period - Shot Misses the Net.
7:38 of 1st period - Off-side.
7:39 of 1st period - Pius Suter wins face-off versus Sam Reinhart in neutral zone.
8:14 of 1st period - Shot by Travis Konecny.
8:14 of 1st period - Stopped by Semyon Varlamov without a rebound.
8:15 of 1st period - Nicklas Backstrom wins face-off versus Joel Eriksson Ek in Senators zone.
8:15 of 1st period - Kyle Okposo is hit by Rasmus Andersson and loses puck.
8:52 of 1st period - Icing by Rasmus Andersson.
8:53 of 1st period - Joel Eriksson Ek wins face-off versus Chris Kreider in Senators zone.
8:58 of 1st period - Shot by Travis Konecny.
8:58 of 1st period - Stopped by Semyon Varlamov with a rebound.
9:16 of 1st period - Anthony Cirelli is hit by Sam Reinhart.
10:06 of 1st period - Shot by Matty Beniers.
10:06 of 1st period - Stopped by Andrei Vasilevskiy with a rebound.
10:17 of 1st period - Icing by Damon Severson.
10:18 of 1st period - Nino Niederreiter wins face-off versus Christian Dvorak in Devils zone.
10:35 of 1st period - Shot by Matt Boldy.
10:35 of 1st period - Stopped by Semyon Varlamov without a rebound.
10:36 of 1st period - Luke Glendening wins face-off versus Dylan Cozens in Senators zone.
10:40 of 1st period - Minor Penalty to Mikhail Sergachev for Interference.
10:41 of 1st period - Andrew Copp wins face-off versus Dylan Cozens in Devils zone.
10:49 of 1st period - Icing by Pius Suter.
10:50 of 1st period - Dylan Cozens wins face-off versus Andrew Copp in Senators zone.
10:55 of 1st period - Shot by Kyle Okposo.
10:55 of 1st period - Goal by Kyle Okposo - Senators : 0 - Devils : 3.
10:56 of 1st period - Joel Eriksson Ek wins face-off versus Kyle Okposo in neutral zone.
11:07 of 1st period - Shot by Matty Beniers.
11:07 of 1st period - Shot Misses the Net.
11:13 of 1st period - Shot by Rasmus Andersson.
11:13 of 1st period - Shot Misses the Net.
11:15 of 1st period - Shot by Rasmus Andersson.
11:15 of 1st period - Shot Misses the Net.
11:25 of 1st period - Shot by Joel Eriksson Ek.
11:25 of 1st period - Shot Misses the Net.
11:27 of 1st period - Shot by Rasmus Andersson.
11:27 of 1st period - Shot Misses the Net.
11:29 of 1st period - Shot by Nikita Kucherov.
11:29 of 1st period - Shot Misses the Net.
11:36 of 1st period - Shot by K'Andre Miller.
11:36 of 1st period - Stopped by Andrei Vasilevskiy without a rebound.
11:37 of 1st period - Nicklas Backstrom wins face-off versus Andrew Copp in Devils zone.
11:37 of 1st period - Nicklas Backstrom is hit by Scott Laughton.
12:00 of 1st period - Shot by Pius Suter.
12:00 of 1st period - Shot Blocked by Erik Gustafsson.
12:02 of 1st period - Shot by Scott Laughton.
12:02 of 1st period - Stopped by Andrei Vasilevskiy with a rebound.
12:04 of 1st period - Shot by Pius Suter.
12:04 of 1st period - Shot Blocked by Damon Severson.
12:06 of 1st period - Shot by Noah Hanifin.
12:06 of 1st period - Shot Misses the Net.
12:08 of 1st period - Shot by Scott Laughton.
12:08 of 1st period - Stopped by Andrei Vasilevskiy with a rebound.
12:59 of 1st period - Shot by Nino Niederreiter.
12:59 of 1st period - Shot Misses the Net.
13:02 of 1st period - Icing by Jake Walman.
13:03 of 1st period - Sam Reinhart wins face-off versus Christian Dvorak in Senators zone.
13:10 of 1st period - Shot by Travis Konecny.
13:10 of 1st period - Shot Misses the Net.
13:24 of 1st period - Shot by Eric Staal.
13:24 of 1st period - Shot Blocked by Dougie Hamilton.
13:26 of 1st period - Shot by Eric Staal.
13:26 of 1st period - Stopped by Andrei Vasilevskiy without a rebound.
13:27 of 1st period - Evgeni Malkin wins face-off versus Andrew Copp in Devils zone.
13:36 of 1st period - Shot by Nino Niederreiter.
13:36 of 1st period - Stopped by Semyon Varlamov without a rebound.
13:37 of 1st period - Dylan Cozens wins face-off versus Joel Eriksson Ek in Senators zone.
13:45 of 1st period - Noah Hanifin is hit by Mathieu Joseph and loses puck.
13:51 of 1st period - Rasmus Andersson is hit by Mikhail Sergachev and loses puck.
13:56 of 1st period - Shot by Scott Laughton.
13:56 of 1st period - Stopped by Andrei Vasilevskiy without a rebound.
13:57 of 1st period - Andrew Copp wins face-off versus Sam Reinhart in Devils zone.
14:02 of 1st period - Shot by Matty Beniers.
14:02 of 1st period - Stopped by Andrei Vasilevskiy without a rebound.
14:03 of 1st period - Andrew Copp wins face-off versus Sam Reinhart in Devils zone.
15:15 of 1st period - Shot by Dougie Hamilton.
15:15 of 1st period - Stopped by Semyon Varlamov with a rebound.
15:31 of 1st period - Shot by Mike Hoffman.
15:31 of 1st period - Stopped by Semyon Varlamov with a rebound.
15:57 of 1st period - Shot by Evgeni Malkin.
15:57 of 1st period - Stopped by Semyon Varlamov without a rebound.
15:58 of 1st period - Christian Dvorak wins face-off versus Nicklas Backstrom in Senators zone.
16:42 of 1st period - Off-side.
16:43 of 1st period - Evgeni Malkin wins face-off versus Andrew Copp in neutral zone.
16:49 of 1st period - Icing by Chris Tanev.
16:50 of 1st period - Andrew Copp wins face-off versus Evgeni Malkin in Senators zone.
17:05 of 1st period - Shot by Nino Niederreiter.
17:05 of 1st period - Shot Hit the Post.
17:07 of 1st period - Shot by Justin Schultz.
17:07 of 1st period - Stopped by Semyon Varlamov without a rebound.
17:08 of 1st period - Joel Eriksson Ek wins face-off versus Travis Konecny in Senators zone.
17:45 of 1st period - Sam Reinhart is hit by Rasmus Andersson and loses puck.
17:48 of 1st period - Shot by Sam Reinhart.
17:48 of 1st period - Deflect By Travis Konecny.
17:48 of 1st period - Goal by Travis Konecny - Senators : 0 - Devils : 4.
17:48 of 1st period - Sam Montembeault enters game.
17:49 of 1st period - Luke Glendening wins face-off versus Dylan Cozens in neutral zone.
18:05 of 1st period - Shot by Mathieu Joseph.
18:05 of 1st period - Stopped by Sam Montembeault without a rebound.
18:06 of 1st period - Evgeni Malkin wins face-off versus Christian Dvorak in Senators zone.
18:06 of 1st period - Damon Severson is hit by Connor Clifton and loses puck.
18:10 of 1st period - Evgeni Malkin is hit by Connor Clifton and loses puck.
18:15 of 1st period - Shot by Matt Boldy.
18:15 of 1st period - Shot Misses the Net.
18:17 of 1st period - Shot by Matt Boldy.
18:17 of 1st period - Goal by Matt Boldy - Senators : 0 - Devils : 5.
18:18 of 1st period - Andrew Copp wins face-off versus Dylan Cozens in neutral zone.
18:33 of 1st period - Shot by Urho Vaakanainen.
18:33 of 1st period - Shot Misses the Net.
18:35 of 1st period - Shot by Mathieu Joseph.
18:35 of 1st period - Shot Misses the Net.
18:37 of 1st period - Shot by Dylan Cozens.
18:37 of 1st period - Stopped by Sam Montembeault without a rebound.
18:38 of 1st period - Evgeni Malkin wins face-off versus Danton Heinen in Senators zone.
18:38 of 1st period - Erik Gustafsson is hit by K'Andre Miller and loses puck.
18:59 of 1st period - Shot by Eric Staal.
18:59 of 1st period - Stopped by Andrei Vasilevskiy without a rebound.
19:00 of 1st period - Joel Eriksson Ek wins face-off versus Dylan Cozens in Devils zone.
19:09 of 1st period - Shot by Joel Eriksson Ek.
19:09 of 1st period - Shot Misses the Net.
19:11 of 1st period - Shot by Joel Eriksson Ek.
19:11 of 1st period - Shot Misses the Net.
19:19 of 1st period - Shot by Scott Laughton.
19:19 of 1st period - Shot Misses the Net.
19:21 of 1st period - Shot by Anthony Cirelli.
19:21 of 1st period - Stopped by Andrei Vasilevskiy without a rebound.
19:22 of 1st period - Andrew Copp wins face-off versus Sam Reinhart in Devils zone.
19:39 of 1st period - Shot by Chris Kreider.
19:39 of 1st period - Shot Misses the Net.
19:43 of 1st period - Shot by Sam Reinhart.
19:43 of 1st period - Stopped by Sam Montembeault with a rebound.
19:51 of 1st period - Shot by Nikita Kucherov.
19:51 of 1st period - Shot Misses the Net.
19:56 of 1st period - Minor Penalty to K'Andre Miller for High sticking.
19:57 of 1st period - Evgeni Malkin wins face-off versus Luke Glendening in Senators zone.
Goals for this period are 0 for Senators vs 5 for Devils.
Shots for this period are 14 for Senators vs 17 for Devils.

2nd period


0:01 of 2nd period - Luke Glendening wins face-off versus Sam Reinhart in neutral zone.
0:22 of 2nd period - Shot by Chris Kreider.
0:22 of 2nd period - Shot Blocked by Noah Hanifin.
0:24 of 2nd period - Shot by Travis Konecny.
0:24 of 2nd period - Shot Misses the Net.
0:26 of 2nd period - Shot by Dougie Hamilton.
0:26 of 2nd period - Shot Misses the Net.
0:28 of 2nd period - Shot by Sam Reinhart.
0:28 of 2nd period - Stopped by Sam Montembeault with a rebound.
0:30 of 2nd period - Shot by Travis Konecny.
0:30 of 2nd period - Stopped by Sam Montembeault with a rebound.
0:38 of 2nd period - Shot by Mikhail Sergachev.
0:38 of 2nd period - Shot Blocked by Noah Hanifin.
0:40 of 2nd period - Shot by Mikhail Sergachev.
0:40 of 2nd period - Shot Misses the Net.
0:42 of 2nd period - Shot by Dougie Hamilton.
0:42 of 2nd period - Goal by Dougie Hamilton - Senators : 0 - Devils : 6.
0:43 of 2nd period - Christian Dvorak wins face-off versus Evgeni Malkin in neutral zone.
0:55 of 2nd period - Shot by Matt Boldy.
0:55 of 2nd period - Stopped by Sam Montembeault without a rebound.
0:56 of 2nd period - Dylan Cozens wins face-off versus Andrew Copp in Senators zone.
1:17 of 2nd period - Shot by Dylan Cozens.
1:17 of 2nd period - Shot Misses the Net.
1:27 of 2nd period - Off-side.
1:28 of 2nd period - Evgeni Malkin wins face-off versus Joel Eriksson Ek in neutral zone.
2:30 of 2nd period - Off-side.
2:31 of 2nd period - Christian Dvorak wins face-off versus Sam Reinhart in neutral zone.
2:38 of 2nd period - Christian Dvorak is hit by Chris Kreider and loses puck.
3:04 of 2nd period - Off-side.
3:05 of 2nd period - Dylan Cozens wins face-off versus Luke Glendening in neutral zone.
3:09 of 2nd period - Damon Severson is hit by Luke Glendening and loses puck.
3:15 of 2nd period - Off-side.
3:16 of 2nd period - Andrew Copp wins face-off versus Nicklas Backstrom in neutral zone.
3:37 of 2nd period - Shot by Matty Beniers.
3:37 of 2nd period - Stopped by Andrei Vasilevskiy without a rebound.
3:38 of 2nd period - Luke Glendening wins face-off versus Mathieu Joseph in Devils zone.
4:11 of 2nd period - Brock McGinn is hit by Dylan Cozens and loses puck.
5:55 of 2nd period - Shot by Anthony Cirelli.
5:55 of 2nd period - Stopped by Andrei Vasilevskiy without a rebound.
5:56 of 2nd period - Nicklas Backstrom wins face-off versus Andrew Copp in Devils zone.
6:05 of 2nd period - Shot by Andrew Copp.
6:05 of 2nd period - Shot Blocked by Dominik Kubalik.
6:12 of 2nd period - Off-side.
6:13 of 2nd period - Luke Glendening wins face-off versus Evgeni Malkin in neutral zone.
6:22 of 2nd period - Shot by Evgeni Malkin.
6:22 of 2nd period - Shot Blocked by Chris Tanev.
6:24 of 2nd period - Shot by Erik Gustafsson.
6:24 of 2nd period - Stopped by Sam Montembeault without a rebound.
6:25 of 2nd period - Andrew Copp wins face-off versus Dylan Cozens in Senators zone.
6:52 of 2nd period - Shot by Mike Hoffman.
6:52 of 2nd period - Shot Blocked by Noah Hanifin.
6:54 of 2nd period - Shot by Mathieu Joseph.
6:54 of 2nd period - Shot Misses the Net.
6:56 of 2nd period - Shot by Dougie Hamilton.
6:56 of 2nd period - Shot Misses the Net.
7:43 of 2nd period - Off-side.
7:44 of 2nd period - Christian Dvorak wins face-off versus Evgeni Malkin in neutral zone.
7:44 of 2nd period - Christian Dvorak is hit by Nino Niederreiter.
7:47 of 2nd period - Off-side.
7:48 of 2nd period - Christian Dvorak wins face-off versus Evgeni Malkin in neutral zone.
7:59 of 2nd period - Shot by Eric Staal.
7:59 of 2nd period - Stopped by Andrei Vasilevskiy without a rebound.
8:00 of 2nd period - Joel Eriksson Ek wins face-off versus Sam Reinhart in Devils zone.
8:11 of 2nd period - Shot by Scott Laughton.
8:11 of 2nd period - Stopped by Andrei Vasilevskiy without a rebound.
8:12 of 2nd period - Evgeni Malkin wins face-off versus Christian Dvorak in Devils zone.
8:17 of 2nd period - Shot by Evgeni Malkin.
8:17 of 2nd period - Shot Misses the Net.
9:33 of 2nd period - Shot by Travis Konecny.
9:33 of 2nd period - Shot Misses the Net.
9:35 of 2nd period - Shot by Chris Kreider.
9:35 of 2nd period - Shot Hit the Post.
9:43 of 2nd period - Shot by Sam Reinhart.
9:43 of 2nd period - Deflect By Travis Konecny.
9:43 of 2nd period - Shot Misses the Net.
9:59 of 2nd period - Shot by Andrew Copp.
9:59 of 2nd period - Shot Misses the Net.
10:25 of 2nd period - Shot by Dylan Cozens.
10:25 of 2nd period - Stopped by Sam Montembeault without a rebound.
10:26 of 2nd period - Joel Eriksson Ek wins face-off versus Nicklas Backstrom in Senators zone.
10:48 of 2nd period - Shot by Dominik Kubalik.
10:48 of 2nd period - Shot Misses the Net.
10:50 of 2nd period - Shot by Nicklas Backstrom.
10:50 of 2nd period - Stopped by Sam Montembeault with a rebound.
11:04 of 2nd period - Shot by Kyle Okposo.
11:04 of 2nd period - Stopped by Sam Montembeault with a rebound.
11:06 of 2nd period - Shot by Kyle Okposo.
11:06 of 2nd period - Stopped by Sam Montembeault without a rebound.
11:07 of 2nd period - Matt Boldy wins face-off versus Luke Glendening in Senators zone.
11:22 of 2nd period - Shot by Luke Glendening.
11:22 of 2nd period - Shot Misses the Net.
12:51 of 2nd period - Icing by Mikhail Sergachev.
12:52 of 2nd period - Sam Reinhart wins face-off versus Andrew Copp in Devils zone.
13:42 of 2nd period - Shot by Mike Hoffman.
13:42 of 2nd period - Stopped by Sam Montembeault with a rebound.
14:57 of 2nd period - Shot by Scott Laughton.
14:57 of 2nd period - Goal by Scott Laughton - Senators : 1 - Devils : 6.
14:58 of 2nd period - Luke Glendening wins face-off versus Nicklas Backstrom in neutral zone.
15:12 of 2nd period - Shot by Dougie Hamilton.
15:12 of 2nd period - Shot Misses the Net.
15:14 of 2nd period - Shot by Dougie Hamilton.
15:14 of 2nd period - Shot Misses the Net.
15:16 of 2nd period - Shot by Dominik Kubalik.
15:16 of 2nd period - Deflect By Kyle Okposo.
15:16 of 2nd period - Stopped by Sam Montembeault without a rebound.
15:17 of 2nd period - Joel Eriksson Ek wins face-off versus Mike Hoffman in Senators zone.
15:17 of 2nd period - Joel Eriksson Ek is hit by Mathieu Joseph.
15:18 of 2nd period - Joel Eriksson Ek from Senators is injured at 15:18 of 2nd period (Sprained Left Knee).
15:19 of 2nd period - Dylan Cozens wins face-off versus Andrew Copp in Senators zone.
15:41 of 2nd period - Shot by Andrew Copp.
15:41 of 2nd period - Stopped by Andrei Vasilevskiy with a rebound.
15:43 of 2nd period - Shot by Scott Laughton.
15:43 of 2nd period - Shot Misses the Net.
15:45 of 2nd period - Shot by Rasmus Andersson.
15:45 of 2nd period - Shot Misses the Net.
15:47 of 2nd period - Shot by Anthony Cirelli.
15:47 of 2nd period - Shot Misses the Net.
15:49 of 2nd period - Shot by Andrew Copp.
15:49 of 2nd period - Shot Blocked by Dougie Hamilton.
16:22 of 2nd period - Christian Dvorak is hit by Mikhail Sergachev and loses puck.
16:27 of 2nd period - Shot by Danton Heinen.
16:27 of 2nd period - Stopped by Andrei Vasilevskiy without a rebound.
16:28 of 2nd period - Luke Glendening wins face-off versus Sam Reinhart in Devils zone.
17:31 of 2nd period - Shot by Evgeni Malkin.
17:31 of 2nd period - Stopped by Sam Montembeault with a rebound.
17:33 of 2nd period - Shot by Justin Schultz.
17:33 of 2nd period - Shot Misses the Net.
17:35 of 2nd period - Shot by Matt Boldy.
17:35 of 2nd period - Goal by Matt Boldy - Senators : 1 - Devils : 7.
17:36 of 2nd period - Andrew Copp wins face-off versus Nicklas Backstrom in neutral zone.
17:39 of 2nd period - Justin Schultz is hit by Matty Beniers and loses puck.
17:47 of 2nd period - Off-side.
17:48 of 2nd period - Andrew Copp wins face-off versus Evgeni Malkin in neutral zone.
17:50 of 2nd period - Scott Laughton is hit by Nino Niederreiter and loses puck.
18:19 of 2nd period - Shot by Andrew Copp.
18:19 of 2nd period - Stopped by Andrei Vasilevskiy without a rebound.
18:20 of 2nd period - Sam Reinhart wins face-off versus Christian Dvorak in Devils zone.
18:26 of 2nd period - Icing by Chris Kreider.
18:27 of 2nd period - Sam Reinhart wins face-off versus Christian Dvorak in Devils zone.
18:27 of 2nd period - Damon Severson is hit by Eric Staal and loses puck.
18:55 of 2nd period - Icing by Chris Tanev.
18:56 of 2nd period - Dylan Cozens wins face-off versus Christian Dvorak in Senators zone.
19:02 of 2nd period - K'Andre Miller beats up Dylan Cozens.
19:02 of 2nd period - Penalty to Dylan Cozens for Fighting.
19:02 of 2nd period - Penalty to K'Andre Miller for Fighting.
19:02 of 2nd period - Penalty to K'Andre Miller for instigated a fight.
19:02 of 2nd period - K'Andre Miller is ejected from game.
19:03 of 2nd period - Evgeni Malkin wins face-off versus Luke Glendening in neutral zone.
19:06 of 2nd period - Shot by Dougie Hamilton.
19:06 of 2nd period - Goal by Dougie Hamilton - Senators : 1 - Devils : 8.
19:06 of 2nd period - Semyon Varlamov enters game.
19:07 of 2nd period - Andrew Copp wins face-off versus Evgeni Malkin in neutral zone.
19:14 of 2nd period - Shot by Matty Beniers.
19:14 of 2nd period - Shot Misses the Net.
19:28 of 2nd period - Evgeni Malkin is hit by Matty Beniers and loses puck.
Goals for this period are 1 for Senators vs 3 for Devils.
Shots for this period are 8 for Senators vs 14 for Devils.

3rd period


0:01 of 3rd period - Andrew Copp wins face-off versus Evgeni Malkin in neutral zone.
0:35 of 3rd period - Shot by Anthony Cirelli.
0:35 of 3rd period - Shot Misses the Net.
0:37 of 3rd period - Shot by Andrew Copp.
0:37 of 3rd period - Goal by Andrew Copp - Senators : 2 - Devils : 8.
0:38 of 3rd period - Christian Dvorak wins face-off versus Sam Reinhart in neutral zone.
0:47 of 3rd period - Shot by Christian Dvorak.
0:47 of 3rd period - Stopped by Andrei Vasilevskiy without a rebound.
0:48 of 3rd period - Evgeni Malkin wins face-off versus Luke Glendening in Devils zone.
0:55 of 3rd period - Shot by Evgeni Malkin.
0:55 of 3rd period - Stopped by Semyon Varlamov without a rebound.
0:56 of 3rd period - Sam Reinhart wins face-off versus Andrew Copp in Senators zone.
1:18 of 3rd period - Icing by Dougie Hamilton.
1:19 of 3rd period - Sam Reinhart wins face-off versus Scott Laughton in Devils zone.
1:31 of 3rd period - Icing by Jake Walman.
1:32 of 3rd period - Andrew Copp wins face-off versus Evgeni Malkin in Senators zone.
1:46 of 3rd period - Scott Laughton is hit by Damon Severson and loses puck.
1:59 of 3rd period - Shot by Anthony Cirelli.
1:59 of 3rd period - Stopped by Andrei Vasilevskiy without a rebound.
2:00 of 3rd period - Mathieu Joseph wins face-off versus Christian Dvorak in Devils zone.
2:07 of 3rd period - Shot by Mike Hoffman.
2:07 of 3rd period - Shot Blocked by Noah Hanifin.
2:55 of 3rd period - Icing by Urho Vaakanainen.
2:56 of 3rd period - Evgeni Malkin wins face-off versus Andrew Copp in Devils zone.
3:42 of 3rd period - Jake Walman is hit by Damon Severson and loses puck.
3:52 of 3rd period - Off-side.
3:53 of 3rd period - Nicklas Backstrom wins face-off versus Luke Glendening in neutral zone.
4:29 of 3rd period - Shot by Nicklas Backstrom.
4:29 of 3rd period - Stopped by Semyon Varlamov without a rebound.
4:30 of 3rd period - Dylan Cozens wins face-off versus Christian Dvorak in Senators zone.
4:39 of 3rd period - Shot by Mike Hoffman.
4:39 of 3rd period - Shot Misses the Net.
4:41 of 3rd period - Shot by Urho Vaakanainen.
4:41 of 3rd period - Shot Blocked by Chris Tanev.
4:43 of 3rd period - Shot by Dylan Cozens.
4:43 of 3rd period - Stopped by Semyon Varlamov without a rebound.
4:44 of 3rd period - Evgeni Malkin wins face-off versus Andrew Copp in Senators zone.
4:57 of 3rd period - Shot by Nino Niederreiter.
4:57 of 3rd period - Stopped by Semyon Varlamov without a rebound.
4:58 of 3rd period - Sam Reinhart wins face-off versus Christian Dvorak in Senators zone.
5:39 of 3rd period - Shot by Travis Konecny.
5:39 of 3rd period - Shot Misses the Net.
6:23 of 3rd period - Shot by Matty Beniers.
6:23 of 3rd period - Stopped by Andrei Vasilevskiy without a rebound.
6:24 of 3rd period - Anthony Cirelli wins face-off versus Dylan Cozens in Devils zone.
6:45 of 3rd period - Shot by Mike Hoffman.
6:45 of 3rd period - Shot Blocked by Chris Tanev.
6:47 of 3rd period - Shot by Mathieu Joseph.
6:47 of 3rd period - Stopped by Semyon Varlamov without a rebound.
6:48 of 3rd period - Nicklas Backstrom wins face-off versus Luke Glendening in Senators zone.
6:56 of 3rd period - Minor Penalty to Mikhail Sergachev for Roughing.
6:56 of 3rd period - Minor Penalty to Luke Glendening for Hooking.
6:57 of 3rd period - Andrew Copp wins face-off versus Sam Reinhart in Devils zone.
7:01 of 3rd period - Icing by Dougie Hamilton.
7:02 of 3rd period - Sam Reinhart wins face-off versus Andrew Copp in Devils zone.
7:30 of 3rd period - Shot by Nikita Kucherov.
7:30 of 3rd period - Stopped by Andrei Vasilevskiy without a rebound.
7:31 of 3rd period - Sam Reinhart wins face-off versus Scott Laughton in Devils zone.
7:38 of 3rd period - Shot by Scott Laughton.
7:38 of 3rd period - Shot Blocked by Erik Gustafsson.
7:40 of 3rd period - Shot by Scott Laughton.
7:40 of 3rd period - Stopped by Andrei Vasilevskiy without a rebound.
7:41 of 3rd period - Sam Reinhart wins face-off versus Andrew Copp in Devils zone.
7:56 of 3rd period - Andrew Copp is hit by Chris Kreider and loses puck.
8:01 of 3rd period - Shot by Sam Reinhart.
8:01 of 3rd period - Stopped by Semyon Varlamov without a rebound.
8:02 of 3rd period - Scott Laughton wins face-off versus Sam Reinhart in Senators zone.
8:32 of 3rd period - Shot by Chris Kreider.
8:32 of 3rd period - Stopped by Semyon Varlamov without a rebound.
8:33 of 3rd period - Evgeni Malkin wins face-off versus Andrew Copp in Senators zone.
8:34 of 3rd period - Shot by Dougie Hamilton.
8:34 of 3rd period - Shot Blocked by Chris Tanev.
8:36 of 3rd period - Shot by Travis Konecny.
8:36 of 3rd period - Stopped by Semyon Varlamov without a rebound.
8:37 of 3rd period - Evgeni Malkin wins face-off versus Andrew Copp in Senators zone.
9:19 of 3rd period - Shot by Dylan Cozens.
9:19 of 3rd period - Stopped by Semyon Varlamov without a rebound.
9:20 of 3rd period - Andrew Copp wins face-off versus Evgeni Malkin in Senators zone.
9:20 of 3rd period - Andrew Copp is hit by Evgeni Malkin.
9:23 of 3rd period - Icing by Scott Laughton.
9:24 of 3rd period - Andrew Copp wins face-off versus Evgeni Malkin in Senators zone.
9:32 of 3rd period - Shot by Evgeni Malkin.
9:32 of 3rd period - Stopped by Semyon Varlamov without a rebound.
9:33 of 3rd period - Evgeni Malkin wins face-off versus Andrew Copp in Senators zone.
10:12 of 3rd period - Shot by Matt Boldy.
10:12 of 3rd period - Stopped by Semyon Varlamov without a rebound.
10:13 of 3rd period - Chris Kreider wins face-off versus Andrew Copp in Senators zone.
10:14 of 3rd period - Shot by Sam Reinhart.
10:14 of 3rd period - Goal by Sam Reinhart - Senators : 2 - Devils : 9.
10:15 of 3rd period - Sam Reinhart wins face-off versus Andrew Copp in neutral zone.
11:10 of 3rd period - Shot by Christian Dvorak.
11:10 of 3rd period - Shot Misses the Net.
11:12 of 3rd period - Shot by Eric Staal.
11:12 of 3rd period - Shot Misses the Net.
11:14 of 3rd period - Shot by Christian Dvorak.
11:14 of 3rd period - Shot Blocked by Damon Severson.
11:34 of 3rd period - Shot by Christian Dvorak.
11:34 of 3rd period - Shot Misses the Net.
11:36 of 3rd period - Shot by Jake Walman.
11:36 of 3rd period - Shot Misses the Net.
12:39 of 3rd period - Off-side.
12:40 of 3rd period - Dylan Cozens wins face-off versus Andrew Copp in neutral zone.
12:50 of 3rd period - Shot by Mike Hoffman.
12:50 of 3rd period - Stopped by Semyon Varlamov without a rebound.
12:51 of 3rd period - Sam Reinhart wins face-off versus Christian Dvorak in Senators zone.
13:08 of 3rd period - Shot by Chris Kreider.
13:08 of 3rd period - Deflect By Travis Konecny.
13:08 of 3rd period - Stopped by Semyon Varlamov without a rebound.
13:09 of 3rd period - Andrew Copp wins face-off versus Dylan Cozens in Senators zone.
14:23 of 3rd period - Eric Staal is hit by Dougie Hamilton.
15:18 of 3rd period - Shot by Nino Niederreiter.
15:18 of 3rd period - Shot Misses the Net.
15:20 of 3rd period - Shot by Damon Severson.
15:20 of 3rd period - Shot Misses the Net.
15:32 of 3rd period - Shot by Nino Niederreiter.
15:32 of 3rd period - Stopped by Semyon Varlamov without a rebound.
15:33 of 3rd period - Nicklas Backstrom wins face-off versus Nikita Kucherov in Senators zone.
15:48 of 3rd period - Shot by Kyle Okposo.
15:48 of 3rd period - Stopped by Semyon Varlamov without a rebound.
15:49 of 3rd period - Dylan Cozens wins face-off versus Andrew Copp in Senators zone.
16:02 of 3rd period - Mikhail Sergachev is hit by Scott Laughton.
16:06 of 3rd period - Mathieu Joseph is hit by Scott Laughton.
16:21 of 3rd period - Off-side.
16:22 of 3rd period - Luke Glendening wins face-off versus Sam Reinhart in neutral zone.
16:25 of 3rd period - Shot by Pius Suter.
16:25 of 3rd period - Stopped by Andrei Vasilevskiy without a rebound.
16:26 of 3rd period - Luke Glendening wins face-off versus Chris Kreider in Devils zone.
16:41 of 3rd period - Sam Reinhart is hit by Luke Glendening and loses puck.
17:35 of 3rd period - Andrew Copp is hit by Urho Vaakanainen and loses puck.
17:54 of 3rd period - Andrew Copp is hit by Travis Konecny.
18:34 of 3rd period - Shot by Anthony Cirelli.
18:34 of 3rd period - Shot Blocked by Erik Gustafsson.
18:44 of 3rd period - Shot by Dylan Cozens.
18:44 of 3rd period - Shot Misses the Net.
18:46 of 3rd period - Shot by Dylan Cozens.
18:46 of 3rd period - Stopped by Semyon Varlamov without a rebound.
18:47 of 3rd period - Evgeni Malkin wins face-off versus Brock McGinn in Senators zone.
19:10 of 3rd period - Shot by Matt Boldy.
19:10 of 3rd period - Stopped by Semyon Varlamov with a rebound.
19:13 of 3rd period - Icing by Brock McGinn.
19:14 of 3rd period - Mathieu Joseph wins face-off versus Luke Glendening in Senators zone.
19:21 of 3rd period - Shot by Mike Hoffman.
19:21 of 3rd period - Shot Misses the Net.
19:41 of 3rd period - Shot by Mathieu Joseph.
19:41 of 3rd period - Stopped by Semyon Varlamov with a rebound.
19:43 of 3rd period - Shot by Erik Gustafsson.
19:43 of 3rd period - Shot Misses the Net.
Goals for this period are 1 for Senators vs 1 for Devils.
Shots for this period are 7 for Senators vs 19 for Devils.